 Dungeon Crawl Stone Soup version 0.27-a0-46-g34d46f0a3f (webtiles) character file.

Game seed: 11918485310406769637

74 Borgoz the Ducker (level 4, -4/37 HPs)
             Began as a Ghoul Gladiator on Jan 7, 2021.
             Slain by a goblin
             ... wielding a +0 dagger
              (6 damage)
             ... on level 3 of the Dungeon.
             The game lasted 00:02:24 (2139 turns).

Borgoz the Ducker (Ghoul Gladiator)                 Turns: 2139, Time: 00:02:24

Health: -4/37      AC:  7    Str: 17    XL:     4   Next: 30%
Magic:  3/3        EV: 12    Int:  3    God:
Gold:   110        SH:  0    Dex: 11    Spells: 3/3 levels left

rFire    . . .     SeeInvis .   a - +0 flail
rCold    + . .     Faith    .   (no shield)
rNeg     + + +     Spirit   .   e - +0 ring mail (curse)
rPois    ∞         Reflect  .   c - +0 helmet
rElec    .         Harm     .   o - +0 cloak
rCorr    .         Rampage  .   (no gloves)
Will     .....                  (no boots)
Stlth    ..........             (no amulet)
HPRegen  0.00/turn              (no ring)
MPRegen  0.08/turn              (no ring)

@: very slow
A: claws 1, cold resistance 1, negative energy resistance 3, inhibited
regeneration, torment resistance, unbreathing
a: no special abilities


You were on level 3 of the Dungeon.
You visited 1 branch of the dungeon, and saw 3 of its levels.

You collected 110 gold pieces.

Inventory:

Hand Weapons
 a - a +0 flail (weapon)
Missiles
 d - 2 throwing nets (quivered)
Armour
 c - a +0 helmet (worn)
 e - a cursed +0 ring mail (worn)
 o - a +0 cloak (worn)
Jewellery
 k - an uncursed ring of flight
Wands
 m - a wand of flame (21)
Scrolls
 g - a scroll of fear {unknown}
 h - a scroll of enchant weapon {unknown}
 j - a scroll of identify {unknown}
 q - a scroll of amnesia {unknown}
Potions
 b - a potion of brilliance {unknown}
 i - 2 potions of resistance {unknown}
 l - 2 potions of mutation {unknown}
 n - 2 potions of flight {unknown}
 p - a potion of magic {unknown}


   Skills:
 + Level 2.7 Fighting
 * Level 3.2 Maces & Flails
 - Level 1.7 Throwing
 * Level 1.6 Armour
 * Level 3.3 Dodging


You had 3 spell levels left.
You didn't know any spells.
Your spell library was empty.

Dungeon Overview and Level Annotations

Branches:
Dungeon (3/15)

Altars:
Dithmenos
Fedhas
Xom

Annotations:
D:3 Robin


Innate Abilities, Weirdness & Mutations

You thrive by killing the living.
You are immune to poison.
You have sharp fingernails.
Your flesh is cold resistant. (rC+)
You are immune to negative energy. (rN+++)
You do not regenerate when monsters are visible.
You are immune to unholy pain and torment.
You can survive without breathing.


Message History

The goblin no longer looks unusually strong.
The goblin barely misses you. The goblin hits you. The goblin misses you.
The goblin hits you but does no damage. The hobgoblin hits you with a +0 club.
The goblin hits you. The goblin hits you but does no damage.
Robin closely misses you.
Your unstable footing causes you to fumble your attack.
The goblin hits you.
The goblin splashes around in the water.
The hobgoblin hits you with a +0 club.
* * * LOW HITPOINT WARNING * * *
The goblin hits you but does no damage. x2; The goblin closely misses you.
Robin roars a battlecry!
The goblins go into a battle-frenzy!
The goblin misses you. The goblin hits you with a +0 club!
* * * LOW HITPOINT WARNING * * *
The goblin closely misses you. The hobgoblin barely misses you.
Your unstable footing causes you to fumble your attack.
The goblin no longer looks unusually strong.
The goblin misses you. The goblin hits you with a +0 dagger.
You die...

..[.....#####.≈≈≈≈≈≈≈≈
..............≈≈≈≈P.P≈≈
...#####...(.≈≈≈≈P.PPP≈≈
...# ##....≈≈≈≈<._.>≈≈
...# ###..≈≈≈≈.P.♣.≈≈
...# #...≈≈≈≈P..≈≈≈ ....
###.≈≈≈≈≈≈≈≈≈≈ .#...
####...gg≈≈≈≈≈≈≈
........g@≈≈≈≈≈≈.
###.....gggg≈≈...
##.(...ggggB.##
##....#ggr....
##.#####.##.. #.# ... #
#. ### #.


You could see Robin, a giant cockroach, 3 hobgoblins, 9 goblins and a rat.

Vanquished Creatures
  Crazy Yiuf (D:2)
  A worm (D:2)
  A dart slug (D:1)
  A leopard gecko (D:2)
  An orc (D:3)
  2 giant cockroaches (D:1)
  5 hobgoblins
  3 jackals (D:1)
  3 kobolds
  A quokka (D:2)
  6 bats
  A frilled lizard (D:2)
  6 goblins
  2 rats (D:2)
  A butterfly (D:2)
35 creatures vanquished.

Notes
Turn   | Place    | Note
-------+----------+-------------------------------------------
     0 | D:1      | Borgoz the Ghoul Gladiator began the quest for the Orb.
     0 | D:1      | Reached XP level 1. HP: 17/17 MP: 0/0
   151 | D:1      | Reached XP level 2. HP: 24/24 MP: 1/1
   587 | D:1      | Reached skill level 1 in Armour
   794 | D:2      | Reached XP level 3. HP: 20/30 MP: 2/2
   901 | D:2      | Found a shimmering altar of Xom.
  1387 | D:2      | Found a shadowy altar of Dithmenos.
  1444 | D:2      | Found a runed translucent door.
  1445 | D:2      | Noticed Crazy Yiuf
  2035 | D:2      | Killed Crazy Yiuf
  2036 | D:2      | Reached XP level 4. HP: 37/37 MP: 3/3
  2104 | D:3      | Found a blossoming altar of Fedhas.
  2117 | D:3      | Noticed Robin
  2139 | D:3      | Slain by a goblin

Illustrated notes

Levels and vault maps discovered:
D:1:      minmay_arrival_shattered_statue, layout_loops_ring
D:2:      layout_basic, general_overflow_altar, xom_butterflies,
          uniq_crazy_yiuf_cottage
D:3:      layout_rooms, fedhas_ov_isle_minmay, uniq_robin

Skill      XL: |  1  2 |
---------------+-------+-----
Maces & Flails | 3 |  3.2
Dodging        | 3 |  3.3
Armour         | 1 |  1.6
Fighting       | |  2.7
Throwing       | |  1.7

Action                   |  1- 3 |  4- 6 || total
-------------------------+-------+-------++-------
Melee: Flail             |   145 |    30 ||   175
Throw: Throwing net      |     1 |       ||     1
  Use: Potion            |       |     1 ||     1
Armor: Ring mail         |    46 |    26 ||    72
Dodge: Dodged            |    84 |    49 ||   133

Table legend: (Time is in decaauts)
 A = Elapsed time spent in this place.
 B = Non-inter-level travel time spent in this place.
 C = Inter-level travel time spent in this place.
 D = Time resting spent in this place.
 E = Time spent auto-exploring this place.
 F = Levels seen in this place.
 G = Mean time per level.
                   A        B        C        D        E       F      G
               +--------+--------+--------+--------+--------+-----+--------+
         Total |   2184 |   2125 |     59 |      0 |   1722 |   3 |  728.0 |
       Dungeon |   2184 |   2125 |     59 |      0 |   1722 |   3 |  728.0 |
               +--------+--------+--------+--------+--------+-----+--------+

Top non-repeatable levels by time:
     D:2: 1329 daAuts
     D:1: 784 daAuts
     D:3: 70 daAuts
